 Dungeon Crawl Stone Soup version 0.30-a0-639-g3916f1956a (webtiles) character file.

Game seed: 5218264865890892627

726 ryw the Covered (level 7, 0/44 HPs)
             Began as a Gargoyle Fighter on Jan 17, 2023.
             Slain by a wight
             ... wielding a +4 trident of freezing
              (3 damage)
             ... on level 6 of the Dungeon.
             The game lasted 00:06:01 (3965 turns).

ryw the Covered (Gargoyle Fighter)                  Turns: 3965, Time: 00:06:02

Health: 0/44       AC: 12    Str: 22    XL:     7   Next: 72%
Magic:  7/7        EV: 10    Int:  8    God:
Gold:   21         SH:  4    Dex:  9    Spells: 6/6 levels left

rFire   . . .      SeeInvis .    a - +0 war axe
rCold   . . .      Faith    .    c - +0 buckler
rNeg    + . .      Spirit   .    b - +0 scale mail
rPois   ∞          Reflect  .    (no helmet)
rElec   +          Harm     .    (no cloak)
rCorr   .          Rampage  .    (no gloves)
Will    .....                    (no boots) Stlth
                                 (no amulet)
HPRegen 0.27/turn                (no ring)
MPRegen 0.10/turn                (no ring)

@: no status effects
A: sickness immunity, AC +4, negative energy resistance 1, electricity
resistance, torment resistance 1, petrification resistance
a: no special abilities


You were on level 6 of the Dungeon.
You visited 1 branch of the dungeon, and saw 6 of its levels.

You collected 253 gold pieces.
You spent 232 gold pieces at shops.

Inventory:

Hand Weapons
 a - a +0 war axe (weapon)
Missiles
 m - 8 boomerangs (quivered)
Armour
 b - a +0 scale mail (worn)
 c - a +0 buckler (worn)
 u - a scarf of invisibility
Jewellery
 i - a +6 ring of intelligence
 o - a ring of flight
Scrolls
 f - a scroll of noise {unknown}
 l - a scroll of teleportation {unknown}
 n - 3 scrolls of vulnerability {unknown}
 p - a scroll of fog {unknown}
 r - a scroll of amnesia {unknown}
 s - a scroll of brand weapon {unknown}
 t - a scroll of enchant armour {unknown}
 x - a scroll of blinking {unknown}
Potions
 d - 2 potions of might
 e - 3 potions of resistance
 g - a potion of attraction
 h - a potion of lignification
 j - a potion of curing
 k - a potion of mutation {unknown}
 q - a potion of heal wounds
 v - a potion of haste {unknown}
 w - a potion of flight {unknown}


   Skills:
 + Level 5.3 Fighting
 + Level 3.8 Axes
 + Level 5.3 Armour
 + Level 2.2 Dodging
 + Level 5.3 Shields


You had 6 spell levels left.
You didn't know any spells.
Your spell library contained the following spells:

 Spells                   Type           Power      Damage    Failure   Level
 Blink                    Tloc           0%         N/A       91%         2
 Lesser Beckoning         Tloc           0%         N/A       91%         2
 Momentum Strike          Conj/Tloc      0%         3d8       91%         2
 Petrify                  Tmut/Erth      0%         N/A       100%        4
 Irradiate                Conj/Tmut      0%         3d11      100%        5
 Sublimation of Blood     Necr           Unusable   N/A       N/A         2

Dungeon Overview and Level Annotations

Branches:
Dungeon (6/15)
 Temple: D:4-7

Altars:
Elyvilon
Gozag
Kikubaaqudgha

Shops:
D:3 *   D:5 [


Innate Abilities, Weirdness & Mutations

You are immune to sickness and miasma.
Your stone body is resilient. (AC +4)
You are immune to poison.
You resist negative energy. (rN+)
You are resistant to electric shocks. (rElec)
You are resistant to unholy torment.
You are immune to petrification.


Message History

No target in view!
You start waiting.
Done waiting.
You climb downwards.
The wight hits you but does no damage.
There is a stone staircase leading up here.
The wight hits you with a +4 trident of freezing!
The wight freezes you.
You hit the wight but do no damage.
The wight hits you with a +4 trident of freezing.
The wight freezes you.
You slash the wight!
The wight is heavily damaged.
The wight hits you with a +4 trident of freezing.
The wight freezes you. You block the wight's attack.
You closely miss the wight.
The wight is heavily damaged.
You block the wight's attack.
You hit the wight but do no damage.
The wight is heavily damaged.
The wight hits you but does no damage.
You hit the wight.
The wight is severely damaged.
The wight hits you with a +4 trident of freezing.
The wight freezes you.
The wight hits you with a +4 trident of freezing.
The wight freezes you.
You barely miss the wight.
The wight is heavily damaged.
The wight hits you with a +4 trident of freezing!
The wight freezes you.
* * * LOW HITPOINT WARNING * * *
You barely miss the wight.
The wight is heavily damaged.
The wight barely misses you.
You hit the wight.
The wight is severely damaged.
The wight hits you with a +4 trident of freezing!
* * * LOW HITPOINT WARNING * * *
The wight freezes you.
You die...

### #.####
#zz@<# #.####
#.# #.# #z# ##
#.# ># #z#
.#############.#
........z.z....#


You could see 2 wights.

Vanquished Creatures
  An ice beast (D:5)
  A centaur (D:5)
  A phantom (D:4)
  Blork the orc (D:5)
  A scorpion (D:5)
  A necrophage (D:5)
  2 wights
  A hound (D:4)
  An iguana (D:5)
  3 adders
  2 gnolls (D:3)
  A white imp (D:5)
  3 worms (D:2)
  3 dart slugs (D:1)
  5 orcs (D:3)
  9 ball pythons
  2 bats (D:1)
  6 endoplasms
  3 goblins
  4 hobgoblins
  3 jackals (D:1)
  4 kobolds
  5 quokkas
  2 frilled lizards
  6 rats
71 creatures vanquished.

Vanquished Creatures (others)
  A quokka (D:3)
1 creature vanquished.

Grand Total: 72 creatures vanquished

Notes
Turn   | Place    | Note
-------+----------+-------------------------------------------
     0 | D:1      | ryw the Gargoyle Fighter began the quest for the Orb.
     0 | D:1      | Reached XP level 1. HP: 14/14 MP: 1/1
   135 | D:1      | Reached XP level 2. HP: 19/19 MP: 2/2
   289 | D:1      | Reached XP level 3. HP: 23/23 MP: 3/3
   982 | D:2      | Reached XP level 4. HP: 24/29 MP: 4/4
  1405 | D:3      | Found a white marble altar of Elyvilon.
  1464 | D:3      | Found an ancient bone altar of Kikubaaqudgha.
  1630 | D:3      | Found an opulent altar of Gozag.
  1633 | D:3      | Found Gozag's Platinum Reserve.
  1835 | D:3      | Found a faded altar of an unknown god.
  2236 | D:4      | Reached XP level 5. HP: 31/33 MP: 5/5
  2579 | D:4      | Noticed a phantom
  2597 | D:4      | Killed a phantom
  2598 | D:4      | Reached XP level 6. HP: 25/39 MP: 6/6
  2878 | D:5      | Entered Level 5 of the Dungeon
  2898 | D:5      | Reached skill level 1 in Dodging
  3025 | D:5      | Found Acomm's Antique Armour Boutique.
  3039 | D:5      | Bought a runed scarf for 232 gold pieces
  3058 | D:5      | HP: 1/39 [iguana (5)]
  3267 | D:5      | Noticed Blork the orc
  3275 | D:5      | Killed Blork the orc
  3276 | D:5      | Reached XP level 7. HP: 34/44 MP: 7/7
  3348 | D:5      | Reached skill level 5 in Fighting
  3348 | D:5      | Reached skill level 5 in Armour
  3348 | D:5      | Reached skill level 5 in Shields
  3965 | D:6      | Slain by a wight

Illustrated notes

Levels and vault maps discovered:
D:1:      lemuel_arrival_muddy, layout_basic, minivault_19
D:2:      layout_rooms
D:3:      layout_loops_ring, elyvilon_altar_4, mainiacjoe_overflow_catwalk,
          nicolae_gozag_zags_fifth_avenue, shapermc_ecumenical_altar_notcrosses
D:4:      layout_gridville, st_stairs_12
D:5:      layout_rooms, nicolae_stop_n_shop_1, corexii_corridor_pit,
          uniq_blork_the_orc
D:6:      layout_basic, minmay_temple_entry_drinking_statues

Skill      XL: |  1  2  3  4  5  6  7 |
---------------+----------------------+-----
Axes           | 2 3 |  3.8
Armour         | 4 5 |  5.3
Fighting       | 4 5 |  5.3
Shields        | 4 5 |  5.3
Dodging        | 1 2 |  2.2

Action                   |  1- 3 |  4- 6 |  7- 9 || total
-------------------------+-------+-------+-------++-------
Melee: War axe           |    91 |   143 |    40 ||   274
Throw: Boomerang         |       |     4 |       ||     4
  Use: Scroll            |       |     2 |     1 ||     3
       Potion            |       |     3 |       ||     3
Armor: Scale mail        |    50 |    53 |    29 ||   132
       Skin              |       |     6 |       ||     6
Dodge: Dodged            |    45 |    57 |    43 ||   145
Block: Buckler           |    18 |    36 |    12 ||    66

Table legend: (Time is in decaauts)
 A = Elapsed time spent in this place.
 B = Non-inter-level travel time spent in this place.
 C = Inter-level travel time spent in this place.
 D = Time resting spent in this place.
 E = Time spent auto-exploring this place.
 F = Levels seen in this place.
 G = Mean time per level.
                   A        B        C        D        E       F      G
               +--------+--------+--------+--------+--------+-----+--------+
         Total |   4079 |   3979 |    100 |    553 |   2682 |   6 |  679.8 |
       Dungeon |   4079 |   3979 |    100 |    553 |   2682 |   6 |  679.8 |
               +--------+--------+--------+--------+--------+-----+--------+

Top non-repeatable levels by time:
     D:5: 985 daAuts
     D:3: 976 daAuts
     D:1: 743 daAuts
     D:4: 730 daAuts
     D:2: 510 daAuts
     D:6: 131 daAuts
